 Dungeon Crawl Stone Soup version 0.30-a0-778-g2ef04afb54 (webtiles) character file.

Game seed: 15367287025699428605

373 xian the Chopper (level 6, -6/48 HPs)
             Began as a Demonspawn Berserker on Feb 16, 2023.
             Was a Believer of Trog.
             Mangled by an ogre
             ... wielding a +0 giant spiked club
              (14 damage)
             ... on level 4 of the Dungeon.
             The game lasted 00:08:00 (2947 turns).

xian the Chopper (Demonspawn Berserker)             Turns: 2947, Time: 00:08:01

Health: -6/48      AC: 17    Str: 19    XL:     6   Next: 43%
Magic:  6/6        EV:  9    Int:  9    God:    Trog [**....]
Gold:   162        SH:  0    Dex: 12    Spells: 5/5 levels left

rFire   . . .      SeeInvis .    a - +0 hand axe
rCold   . . .      Faith    .    (no shield)
rNeg    . . .      Spirit   .    t - +0 chain mail
rPois   .          Reflect  .    (no helmet)
rElec   .          Harm     .    (no cloak)
rCorr   .          Rampage  .    h - +0 pair of gloves
Will    .....                    (no boots) Stlth
                                 (no amulet)
HPRegen 0.28/turn                k - +4 ring of protection
MPRegen 0.20/turn                l - +4 ring of protection

@: confused, ambrosia-drunk, on berserk cooldown, flying, slowed, very slow
A: hooves 1, powered by death 1, magic regeneration, sturdy frame 1
a: Renounce Religion, Berserk, Trog's Hand


You were on level 4 of the Dungeon.
You worshipped Trog.
Trog was pleased with you.
You visited 1 branch of the dungeon, and saw 4 of its levels.

You collected 162 gold pieces.

Inventory:

Hand Weapons
 a - a +0 hand axe (weapon)
 q - a +1 sling of electrocution
Missiles
 i - 17 stones (quivered)
 m - 3 boomerangs
 o - a throwing net
Armour
 h - a +0 pair of gloves (worn)
 t - a +0 chain mail (worn)
Jewellery
 k - a +4 ring of protection (left hand)
 l - a +4 ring of protection (right hand)
 p - a ring of flight
Scrolls
 c - a scroll of blinking
 e - a scroll of vulnerability {unknown}
 g - a scroll of fog {unknown}
 n - a scroll of summoning
 r - a scroll of magic mapping
 s - 2 scrolls of teleportation
Potions
 b - 2 potions of curing
 d - a potion of heal wounds {unknown}
 f - 2 potions of flight


   Skills:
 + Level 4.2 Fighting
 + Level 5.0 Axes
 + Level 2.2 Armour
 + Level 3.0 Dodging
 + Level 1.3 Stealth


You had 5 spell levels left.
You didn't know any spells.
Your spell library contained the following spells:

 Spells                   Type           Power      Damage    Failure   Level
 Magic Dart               Conj           0%         1d3       95%         1
 Necrotise                Necr           0%         1d4       95%         1
 Searing Ray              Conj           0%         2d4       99%         2
 Vampiric Draining        Necr           0%         2d6       100%        3
 Fulminant Prism          Conj/Hex       0%         3d5       100%        4
 Agony                    Necr           0%         N/A       100%        5


Dungeon Overview and Level Annotations

Branches:
Dungeon (4/15)
 Temple: D:4-7

Altars:
Cheibriados


Innate Abilities, Weirdness & Mutations

You have large cloven feet.
You regenerate a little health from kills.
You regenerate magic rapidly.
Your movements are slightly less encumbered by armour. (ER -2)


Message History

Grinder gestures at you.
You barely resist. You slash Grinder!
You kill Grinder!
Trog accepts your kill.
Your Fighting skill increases to level 4!
Your Axes skill increases to level 5!
Your Dodging skill increases to level 3!
Your Stealth skill increases to level 1!
You have reached level 6!
You feel a strong urge to attack something.
You see here a ball python corpse.
Found a scroll labelled FUKHLU DEARI.
You feel your anger nearly subside.
You are no longer berserk.
You are exhausted.
You feel yourself slow down.
Found a scroll labelled GOCWADWAIM.
e - a scroll labelled FUKHLU DEARI
g - a scroll labelled GOCWADWAIM You open the door.
An ogre comes into view. It is wielding a +0 giant spiked club.
The ogre shouts!
Found a ring mail.
The ogre hits you with a +0 giant spiked club!!
Ouch! That really hurt!
Unknown command.
It was a potion of flight.
You feel very buoyant.
You fly up into the air.
The ogre barely misses you.
It was a potion of curing.
You feel better.
The ogre hits you with a +0 giant spiked club!!
* * * LOW HITPOINT WARNING * * *
Unknown command.
Okay, then.
Okay, then.
Okay, then.
You are confused.
You feel invigorated.
The ogre hits you with a +0 giant spiked club!
You die...

........# .....
###.##### ... #.# #'#
#.# ######.### ###.###
#........# ......#
#.####.#.# ###.#.#
#........##### #.#.#
#..#..O.......
#.#.#####†.##.@..#####
#..........##..#.#
###.###........#.# #.#
#..........# #.#
####.###.#.# ..#
#.......# ###
#####.### #.#


You could see an ogre.

Vanquished Creatures
  Grinder (D:4)
  An iguana (D:4)
  An iron imp (D:4)
  An orc wizard (D:3)
  2 adders
  A dart slug (D:1)
  7 orcs
  2 endoplasms
  5 giant cockroaches
  5 goblins
  9 hobgoblins
  6 jackals
  2 quokkas
  7 ball pythons
  3 bats
  4 frilled lizards
  7 kobolds
64 creatures vanquished.

Notes
Turn   | Place    | Note
-------+----------+-------------------------------------------
     0 | D:1      | xian the Demonspawn Berserker began the quest for the Orb.
     0 | D:1      | Reached XP level 1. HP: 18/18 MP: 1/1
   212 | D:1      | Gained mutation: You have large cloven feet. [demonic
                  | ancestry]
   212 | D:1      | Reached XP level 2. HP: 22/24 MP: 2/2
   265 | D:1      | Reached skill level 3 in Axes
  1128 | D:1      | Gained mutation: Your movements are slightly less
                  | encumbered by armour. (ER -2) [demonic ancestry]
  1128 | D:1      | Reached XP level 3. HP: 27/29 MP: 3/3
  1476 | D:2      | Reached ** piety under Trog
  1957 | D:3      | Found a faded altar of an unknown god.
  1978 | D:3      | Gained mutation: You regenerate magic rapidly. [demonic
                  | ancestry]
  1978 | D:3      | Reached XP level 4. HP: 27/37 MP: 4/4
  2744 | D:4      | Found a snail-covered altar of Cheibriados.
  2760 | D:4      | Reached skill level 4 in Axes
  2760 | D:4      | Gained mutation: You regenerate a little health from kills.
                  | [demonic ancestry]
  2760 | D:4      | Reached XP level 5. HP: 36/42 MP: 5/5
  2910 | D:4      | Noticed Grinder
  2923 | D:4      | Killed Grinder
  2924 | D:4      | Reached skill level 5 in Axes
  2924 | D:4      | Reached skill level 1 in Stealth
  2924 | D:4      | Reached XP level 6. HP: 48/48 MP: 6/6
  2946 | D:4      | HP: 2/48 [ogre/+0 giant spiked club (23)]
  2947 | D:4      | Mangled by an ogre

Illustrated notes

Levels and vault maps discovered:
D:1:      spicycebolla_arrival_risky_transporter, layout_basic, st_stairs_9
D:2:      layout_basic
D:3:      layout_basic, ebering_ecumenical_altar_rust
D:4:      layout_loops_corners, slow_altar_1, serial_shops, shop_statue,
          serial_bayou_pond_d, uniq_grinder

Skill      XL: |  1  2  3  4  5 |
---------------+----------------+-----
Axes           | 3 4 5 |  5.0
Dodging        | 2 3 |  3.0
Armour         | 2 |  2.2
Fighting       | 4 |  4.2
Stealth        | 1 |  1.3

Action                     |  1- 3 |  4- 6 || total
---------------------------+-------+-------++-------
  Melee: Hand axe          |   142 |    62 ||   204
         Kick              |    26 |    17 ||    43
         Punch             |     2 |       ||     2
 Invoke: Berserk           |       |     1 ||     1
    Use: Scroll            |       |     6 ||     6
         Potion            |       |     3 ||     3
 Armour: Animal skin       |     7 |       ||     7
         Leather armour    |    41 |     6 ||    47
         Chain mail        |       |    12 ||    12
  Dodge: Dodged            |   104 |    29 ||   133

Table legend: (Time is in decaauts)
 A = Elapsed time spent in this place.
 B = Non-inter-level travel time spent in this place.
 C = Inter-level travel time spent in this place.
 D = Time resting spent in this place.
 E = Time spent auto-exploring this place.
 F = Levels seen in this place.
 G = Mean time per level.
                   A        B        C        D        E       F      G
               +--------+--------+--------+--------+--------+-----+--------+
         Total |   2978 |   2867 |    111 |      0 |   1434 |   4 |  744.5 |
       Dungeon |   2978 |   2867 |    111 |      0 |   1434 |   4 |  744.5 |
               +--------+--------+--------+--------+--------+-----+--------+

Top non-repeatable levels by time:
     D:1: 1212 daAuts
     D:3: 769 daAuts
     D:2: 712 daAuts
     D:4: 284 daAuts
